 Dungeon Crawl Stone Soup version 0.29.0-4-gdea44cf6ec (webtiles) character file.

Game seed: 1796155940060036744

11 qw the Sneak (level 2, -9/19 HPs)
             Began as a Gargoyle Delver on Sept 10, 2022.
             Killed by divine providence
             ... invoked by an orc priest
              (11 damage)
             ... on level 4 of the Dungeon.
             The game lasted 00:00:04 (156 turns).

qw the Sneak (Gargoyle Delver)                       Turns: 156, Time: 00:00:05

Health: -9/19      AC:  5    Str: 15    XL:     2   Next: 25%
Magic:  2/2        EV: 11    Int: 10    God:
Gold:   0          SH:  0    Dex: 11    Spells: 1/1 levels left

rFire   . . .      SeeInvis .   a - +0 hand axe
rCold   . . .      Faith    .   (no shield)
rNeg    + . .      Spirit   .   b - +0 leather armour
rPois   inf        Reflect  .   (no helmet)
rElec   +          Harm     .   (no cloak)
rCorr   .          Rampage  .   (no gloves)
Will    .....                   (no boots)
Stlth   +++.......              (no amulet)
HPRegen 0.06/turn               (no ring)
MPRegen 0.08/turn               (no ring)

@: no status effects
A: sickness immunity, AC +2, negative energy resistance 1, electricity
resistance, torment resistance 1, petrification resistance
a: no special abilities


You were on level 4 of the Dungeon.
You visited 1 branch of the dungeon, and saw 2 of its levels.


Innate Abilities, Weirdness & Mutations

You are immune to sickness and miasma.
Your stone body is resilient. (AC +2)
You are immune to poison.
You resist negative energy. (rN+)
You are resistant to electric shocks. (rElec)
You are resistant to unholy torment.
You are immune to petrification.


   Skills:
 - Level 3.2 Fighting
 + Level 2.6 Axes
 - Level 1.5 Dodging
 - Level 5.4 Stealth


You had one spell level left.
You didn't know any spells.
Your spell library was empty.

Inventory:

Hand Weapons
 a - a +0 hand axe (weapon)
Armour
 b - a +0 leather armour (worn)
Wands
 g - a wand of digging (3)
Potions
 f - a potion of haste

Dungeon Overview and Level Annotations

Branches:
Dungeon (5/15)
 Temple: D:4-7

Altars:


Message History

127 ||| STAIRDANCE You climb upwards.
There is a stone staircase leading down here.
Existing waypoints: (2) D:5 Assign waypoint to what number? (0-9, D - delete waypoint) Waypoint 1 assigned to D:4.
Enter note:
There is a stone staircase leading down here.
An orc comes into view. It is wielding a +0 short sword.
Enter note: An orc priest comes into view.
It is wielding a +0 club.
An orc comes into view. It is wielding a +0 hand axe.
An orc comes into view. It is wielding a +0 whip.
Found a stone staircase leading up.
The helpless orc fails to defend itself.
You hit the orc.
The orc is moderately wounded.
The orc barely misses you.
You completely miss the orc.
The orc is moderately wounded.
The orc priest shouts!
The orc shouts!
You hear a shout!
The orc priest calls down the wrath of Beogh upon you.
Beogh smites you!
Ouch! That really hurt!
An orc priest comes into view. It is wielding a +0 falchion.
The orc hits you with a +0 short sword.
You hit the orc.
You kill the orc!
You hit the orc priest but do no damage.
You hit the orc but do no damage. You slash the orc priest!
The orc priest is heavily wounded.
You hit the orc. You barely miss the orc.
The orc priest hits you but does no damage.
The orc hits you with a +0 whip. The orc barely misses you.
The orc priest mumbles some strange prayers to Beogh against you.
Beogh smites you!
Ouch! That really hurt!
You die...

... ..<# ...
..###....#.#.. ## #...
........#...###.. #....
#................
.....###................
..#..........# #........
......oo.....###........
......o@##....#...#.....
......o.................
....####^......>#.......
... #.......########## .
#.......# ..........#
..........# ........#..#
........##.#


You could see 2 orc priests and 2 orcs.

Vanquished Creatures
  An adder (D:5)
  An orc (D:4)
2 creatures vanquished.

Notes
Turn   | Place    | Note
-------+----------+-------------------------------------------
     0 | D:5      | qw the Gargoyle Delver began the quest for the Orb.
     0 | D:5      | Reached XP level 1. HP: 14/14 MP: 1/1
     0 | D:5      | 0 ||| qw: Version: 0.1-a-117-gfe26ee0
     0 | D:5      | 0 ||| qw: Game counter: 9807
     0 | D:5      | 0 ||| qw: Always use a shield: true
     0 | D:5      | 0 ||| qw: God list: Okawaru
     0 | D:5      | 0 ||| qw: Allow faded altars: false
     0 | D:5      | 0 ||| qw: Do Orc after D:15 true
     0 | D:5      | 0 ||| qw: Do second Lair branch before Depths: true
     0 | D:5      | 0 ||| qw: Lair rune preference: random
     0 | D:5      | 0 ||| qw: Plans: Normal
     0 | D:5      | 0 ||| PLANNING D:1-11
    38 | D:5      | Reached XP level 2. HP: 15/19 MP: 2/2
   117 | D:5      | 117 ||| DROPPING scroll of fog.
   118 | D:5      | 118 ||| DROPPING scroll of magic mapping.
   119 | D:5      | 119 ||| DROPPING scroll of fear.
   121 | D:5      | 121 ||| FLEEEEING.
   122 | D:5      | 122 ||| FLEEEEING.
   123 | D:5      | 123 ||| FLEEEEING.
   127 | D:5      | 127 ||| STAIRDANCE
   156 | D:4      | HP: 2/19 [orc/+0 whip (4)]
   156 | D:4      | Killed from afar by an orc priest

Levels and vault maps discovered:
D:4:      layout_cave_pools, mainiacjoe_overflow_boulevard,
          uniq_crazy_yiuf_cottage
D:5:      layout_loops_corners, minmay_temple_entry_slanted,
          nicolae_ossuary_entry_monument, uniq_grinder

Skill      XL: |  1 |
---------------+----+-----
Axes           | 2 |  2.6
Fighting       | |  3.2
Dodging        | |  1.5
Stealth        | |  5.4

Action                   || total
-------------------------++-------
Melee: Hand axe          ||    15
 Stab: Sleeping          ||     1
Armor: Leather armour    ||     9
Dodge: Dodged            ||     6

Table legend:
 A = Non-vault XP
 B = Vault XP
 C = Vault XP percentage of total XP
 D = Non-vault monster count
 E = Vault monster count
 F = Vault count percentage of total count
                 A         B        C        D         E       F
            +---------+---------+-------+---------+---------+-------
      Total |      16 |       0 |   0.0 |       2 |       0 |   0.0
            +---------+---------+-------+---------+---------+-------
        D:4 |       3 |       0 |   0.0 |       1 |       0 |   0.0
        D:5 |      13 |       0 |   0.0 |       1 |       0 |   0.0
            +---------+---------+-------+---------+---------+-------
